 Dungeon Crawl Stone Soup version 0.29.1-15-g9cfb28693d (webtiles) character file.

Game seed: 18106014640448422162

9233 promet the Covert (level 11, -4/77 HPs)
             Began as an Octopode Wanderer on Mar 15, 2023.
             Was a Priest of Dithmenos.
             Slain by an eight-headed hydra (12 damage)
             ... on level 2 of the Lair of Beasts.
             The game lasted 01:32:35 (16197 turns).

promet the Covert (Octopode Wanderer)              Turns: 16197, Time: 01:32:35

Health: -4/77      AC:  3    Str: 20    XL:     11   Next: 43%
Magic:  11/13      EV: 22    Int: 15    God:    Dithmenos [***...]
Gold:   563        SH: 14    Dex: 13    Spells: 8/10 levels left

rFire   + . .      SeeInvis +   P - +0 morningstar (drain)
rCold   x . .      Faith    .   s - +3 buckler
rNeg    . . .      Spirit   .   J - +2 hat
rPois   +          Reflect  +   p - amulet of reflection
rElec   .          Harm     .   e - ring of fire
rCorr   .          Rampage  .   z - ring of willpower
Will    ++...                   y - ring of see invisible
Stlth   ++++++++..              C - ring of willpower
HPRegen 0.22/turn               F - +4 ring of evasion
MPRegen 0.13/turn               M - +4 ring of evasion
                                N - +6 ring of strength
                                S - ring of poison resistance

@: very slightly contaminated, wreathed by umbra
A: almost no armour, amphibious, 8 rings, camouflage 1, gelatinous body 1,
(nimble swimmer 1), tentacles
a: Renounce Religion, Shadow Step


You were on level 2 of the Lair of Beasts.
You worshipped Dithmenos.
Dithmenos was most pleased with you.
You visited 2 branches of the dungeon, and saw 12 of its levels.

You collected 563 gold pieces.

Inventory:

Hand Weapons
 a - a +6 vampiric war axe
 b - a +0 shortbow
 c - a +6 vorpal short sword
 d - a +0 sling
 h - a +0 broad axe
 i - a +0 dagger of speed
 l - a +1 mace
 q - a +3 dagger of freezing
 t - a +0 trident
 I - a +0 battleaxe
 L - a +3 whip
 P - a +0 morningstar of draining (weapon)
 Y - a +1 rapier of freezing
Missiles
 k - 74 stones
 m - 13 poisoned darts
 x - a boomerang
 K - 5 curare-tipped darts
 W - 2 atropa-tipped darts (quivered)
Armour
 s - a +3 buckler (worn)
 J - a +2 hat (worn)
Magical Staves
 j - a staff of cold
Jewellery
 e - a ring of fire (left tentacle)
 n - a ring of protection from cold
 p - an amulet of reflection (around mantle)
 y - a ring of see invisible (on tentacle)
 z - a ring of willpower (right tentacle)
 C - a ring of willpower (on tentacle)
 F - a +4 ring of evasion (on tentacle)
 G - an amulet of regeneration
 M - a +4 ring of evasion (on tentacle)
 N - a +6 ring of strength (on tentacle)
 S - a ring of poison resistance (on tentacle)
 T - a +4 ring of protection
Wands
 f - a wand of flame (28)
 v - a wand of polymorph (10)
 V - a wand of roots (2)
 Z - a wand of digging (2)
Scrolls
 r - a scroll of magic mapping
 u - 4 scrolls of teleportation
 w - a scroll of enchant weapon
 D - 3 scrolls of butterflies
 O - 2 scrolls of identify
 Q - 3 scrolls of fear
 U - a scroll of amnesia
Potions
 g - 6 potions of flight
 o - 3 potions of curing
 A - 2 potions of ambrosia
 B - a potion of lignification
 E - 2 potions of haste
 H - 3 potions of might
 R - 2 potions of brilliance
Miscellaneous
 X - a tin of tremorstones (2/2)


   Skills:
 * Level 7.8 Fighting
 + Level 5.9 Short Blades
 + Level 5.1(6.3) Axes
 + Level 5.5(6.5) Maces & Flails
 + Level 3.9 Ranged Weapons
 + Level 3.3 Throwing
 + Level 5.4 Dodging
 + Level 11.0 Stealth
 + Level 7.2 Shields
 + Level 0.1 Spellcasting
 + Level 0.2 Translocations
 * Level 2.7 Invocations


You had 8 spell levels left.
You knew the following spells:

 Your Spells              Type           Power      Damage    Failure   Level
a - Blink                 Tloc           0%         N/A       41%         2

Your spell library contained the following spells:

 Spells                   Type           Power      Damage    Failure   Level
 Necrotise                Necr           0%         1d4       32%         1
 Gell's Gravitas          Tloc           0%         N/A       65%         3
 Lesser Beckoning         Tloc           0%         N/A       65%         3
 Teleport Other           Tloc           0%         N/A       65%         3
 Confusing Touch          Hex            0%         N/A       69%         3
 Dazzling Flash           Conj/Hex       0%         N/A       69%         3
 Vampiric Draining        Necr           0%         2d6       69%         3
 Petrify                  Tmut/Erth      0%         N/A       97%         4
 Agony                    Necr           0%         N/A       100%        5
 Manifold Assault         Tloc           0%         N/A       100%        5
 Metabolic Englaciation   Hex/Ice        0%         N/A       100%        5
 Silence                  Hex/Air        0%         N/A       100%        5
 Yara's Violent Unravell  Hex/Tmut       0%         3d3       100%        5
 Statue Form              Tmut/Erth      0%         N/A       100%        6
 Enfeeble                 Hex            0%         N/A       100%        7
 Storm Form               Tmut/Air       0%         N/A       100%        7


Dungeon Overview and Level Annotations

Branches:
Dungeon (10/15)            Temple (0/1) D:7            Lair (2/5) D:8
  Swamp: Lair:2-3    Shoals: Lair:2-3     Snake: Lair:2-3    Spider: Lair:2-3
    Orc: D:9-12

Altars:
Ashenzari
Cheibriados
Dithmenos
Kikubaaqudgha
Nemelex Xobeh
Okawaru
Qazlal
Ru
Sif Muna
Trog
Uskayaw
Vehumet
Xom
Zin

Shops:
D:3 =

Annotations:
D:3 2 runed translucent doors
D:8 2 transporters, AverageBear's ghost, novice OpFi


Innate Abilities, Weirdness & Mutations

You cannot wear most types of armour.
You are amphibious.
You can wear up to eight rings at the same time.
Your skin changes colour to match your surroundings (Stealth+).
Your rubbery body absorbs attacks. (AC +1, EV +1)
((You are camouflaged when in or above water. (Stealth+)))
You have tentacles for arms and can constrict up to eight enemies at once.


Message History

The eight-headed hydra barely misses you.
The eight-headed hydra closely misses you.
You block the eight-headed hydra's attack.
The eight-headed hydra completely misses you.
The eight-headed hydra bites you but does no damage.
You block the eight-headed hydra's attack.
You hit the eight-headed hydra. You drain the eight-headed hydra.
The eight-headed hydra is lightly wounded.
The eight-headed hydra closely misses you.
The eight-headed hydra misses you.
The eight-headed hydra completely misses you.
The eight-headed hydra bites you!
You block the eight-headed hydra's attack. x2
The eight-headed hydra closely misses you.
The eight-headed hydra bites you.
You barely miss the eight-headed hydra. You squeeze the eight-headed hydra!
The eight-headed hydra is moderately wounded.
The eight-headed hydra bites you! x2
The eight-headed hydra bites you but does no damage.
You block the eight-headed hydra's attack. x2
The eight-headed hydra bites you!
The eight-headed hydra completely misses you.
The eight-headed hydra misses you.
The eight-headed hydra completely misses you.
You block the eight-headed hydra's attack.
The eight-headed hydra completely misses you.
The eight-headed hydra bites you!
* * * LOW HITPOINT WARNING * * *
The eight-headed hydra misses you.
You block the eight-headed hydra's attack.
The eight-headed hydra bites you!
* * * LOW HITPOINT WARNING * * *
The eight-headed hydra bites you.
* * * LOW HITPOINT WARNING * * *
Casting: Blink (dangerous; 41% risk of failure)
Confirm with . or Enter, or press ? or * to list all spells.
You miscast Blink.
You are very lightly contaminated with residual magic.
Nothing appears to happen.
The eight-headed hydra bites you!
You die...

.P.#P..# .
.P#...# .. .....#
... ....## .(..
....# .....
####..#
......####P##..#
.......(.(((.D@#
...............#
###.P...#..##..#
##.....#.##..##
..............P#
..............##
...P.P#######...#
#..##### #..## #.
#..##


You could see an eight-headed hydra (drained).

Vanquished Creatures
  A centaur warrior (D:10)
  An ugly thing (D:9)
  2 cane toads (Lair:1)
  A black mamba (Lair:1)
  Maggie (D:9)
  2 komodo dragons (D:8)
  A vampire (D:9)
  2 wraiths (D:9)
  2 wyverns
  A shadow (D:10)
  Grum (D:10)
  3 steam dragons
  2 basilisks (D:8)
  4 water moccasins
  A swamp drake (D:8)
  2 orc warriors
  3 ice beasts
  2 black bears
  10 wolves
  2 ogres
  3 centaurs
  2 phantoms
  5 bullfrogs
  3 kobold brigands
  A gnoll sergeant (D:8)
  A necrophage (D:4)
  3 scorpions
  10 killer bees
  4 howler monkeys
  4 hounds
  3 jellies
  3 orc priests
  Jessica (D:3)
  An iguana (D:5)
  8 orc wizards
  6 hell rats (Lair:1)
  Robin (D:2)
  3 adders
  6 gnolls
  A shadow imp (D:7)
  An ufetubus (D:7)
  2 worms
  3 dart slugs
  39 orcs
  9 ball pythons
  5 bats
  8 endoplasms
  5 giant cockroaches
  11 goblins
  10 hobgoblins
  7 jackals
  4 quokkas
  4 frilled lizards
  27 kobolds
  2 rats
250 creatures vanquished.

Vanquished Creatures (others)
  A gnoll (D:6)
  5 fungi
  8 plants
14 creatures vanquished.

Grand Total: 264 creatures vanquished

Notes
Turn   | Place    | Note
-------+----------+-------------------------------------------
     0 | D:1      | promet the Octopode Wanderer began the quest for the Orb.
     0 | D:1      | promet set off with the following items: a +0 mace, a +2
                  | buckler, a +0 hat, a potion of berserk rage.
     0 | D:1      | Reached XP level 1. HP: 13/13 MP: 1/1
   423 | D:1      | Reached XP level 2. HP: 15/18 MP: 2/2
   527 | D:1      | Found a faded altar of an unknown god.
  1197 | D:2      | Reached XP level 3. HP: 23/23 MP: 3/3
  1845 | D:2      | Noticed Robin
  1850 | D:2      | Reached skill level 2 in Stealth
  1857 | D:2      | Reached XP level 4. HP: 11/28 MP: 4/4
  1860 | D:2      | Killed Robin
  2558 | D:3      | Found Kuthrehuy's Jewellery Emporium.
  2833 | D:3      | Found an iron altar of Okawaru.
  2975 | D:3      | Found a large runed translucent door.
  2976 | D:3      | Found a large runed translucent door.
  3095 | D:3      | Noticed Jessica
  3098 | D:3      | Killed Jessica
  3099 | D:3      | Reached skill level 1 in Axes
  3099 | D:3      | Reached XP level 5. HP: 33/34 MP: 5/5
  3213 | D:3      | Found a shadowy altar of Dithmenos.
  3213 | D:3      | Found a hide-covered altar of Uskayaw.
  3221 | D:3      | Became a worshipper of Dithmenos the Shadowed
  3501 | D:3      | Reached skill level 3 in Stealth
  3798 | D:4      | Found a radiant altar of Vehumet.
  4063 | D:3      | Reached skill level 1 in Short Blades
  4063 | D:3      | Reached XP level 6. HP: 27/41 MP: 6/6
  4300 | D:4      | Found a stormy altar of Qazlal.
  4658 | D:4      | Reached skill level 1 in Ranged Weapons
  4960 | D:4      | Noticed an orc warrior
  5596 | D:4      | Killed an orc warrior
  5597 | D:4      | Reached XP level 7. HP: 46/46 MP: 7/7
  5879 | D:4      | Reached skill level 4 in Stealth
  6140 | D:4      | Found the +1 Delatra's gloves {ID++}
  6197 | D:5      | Entered Level 5 of the Dungeon
  6336 | D:5      | Reached * piety under Dithmenos
  6920 | D:5      | Reached skill level 1 in Throwing
  6997 | D:5      | Found a snail-covered altar of Cheibriados.
  7413 | D:6      | Found a glowing drain.
  7466 | D:5      | Reached XP level 8. HP: 48/54 MP: 8/8
  7469 | D:5      | Learned a level 2 spell: Blink
  7848 | D:6      | Reached skill level 5 in Stealth
  7993 | D:6      | Identified the +1 leather armour of Xummemyl {Str+3}
  8480 | D:6      | Reached skill level 6 in Stealth
  9136 | D:7      | Reached skill level 5 in Fighting
  9136 | D:7      | Reached XP level 9. HP: 61/61 MP: 9/9
  9215 | D:7      | Found a broken altar of Ashenzari.
  9237 | D:6      | Reached skill level 5 in Shields
  9242 | D:6      | Reached skill level 7 in Stealth
  9822 | D:7      | Found an ancient bone altar of Kikubaaqudgha.
  9926 | D:7      | Found a sparkling altar of Nemelex Xobeh.
  9981 | D:7      | Found an opulent altar of Gozag.
  9984 | D:7      | Found a glowing silver altar of Zin.
  9984 | D:7      | Found a broken altar of Ashenzari.
  9986 | D:7      | Found a shimmering altar of Xom.
  9986 | D:7      | Found a shimmering blue altar of Sif Muna.
  9986 | D:7      | Found a sacrificial altar of Ru.
 10118 | D:7      | Found a staircase to the Ecumenical Temple.
 10305 | D:8      | Reached skill level 8 in Stealth
 10381 | D:8      | Reached ** piety under Dithmenos
 10418 | D:8      | Found a transporter.
 10432 | D:8      | Noticed a moth of wrath
 10455 | D:8      | Noticed AverageBear's ghost (novice OpFi)
 10458 | D:8      | Found a bloodstained altar of Trog.
 10468 | D:8      | Found a transporter.
 10469 | D:8      | Noticed a two-headed ogre
 10517 | D:8      | Found a bloodstained altar of Trog.
 11303 | D:8      | Reached skill level 9 in Stealth
 11602 | D:8      | Noticed a komodo dragon
 11609 | D:8      | Killed a komodo dragon
 11610 | D:8      | Reached XP level 10. HP: 29/68 MP: 10/10
 12346 | D:8      | Found a staircase to the Lair.
 12516 | D:8      | Reached skill level 5 in Short Blades
 12797 | D:9      | Noticed a purple ugly thing
 12810 | D:9      | Killed a purple ugly thing
 12811 | D:9      | Reached skill level 10 in Stealth
 13204 | D:9      | Noticed Maggie
 13231 | D:9      | Killed Maggie
 13231 | D:9      | Reached *** piety under Dithmenos
 13644 | D:9      | Reached skill level 5 in Maces & Flails
 13741 | D:10     | Entered Level 10 of the Dungeon
 13914 | D:10     | Found a sacrificial altar of Ru.
 14021 | D:10     | Noticed a centaur warrior
 14030 | D:10     | Killed a centaur warrior
 14031 | D:10     | Reached XP level 11. HP: 52/75 MP: 11/11
 14454 | D:10     | Noticed Grum
 14483 | D:10     | Killed Grum
 14484 | D:10     | Reached skill level 5 in Dodging
 14943 | Lair:1   | Entered Level 1 of the Lair of Beasts
 15045 | Lair:1   | Reached skill level 1 in Invocations
 15869 | Lair:1   | Reached skill level 5 in Axes
 15874 | Lair:1   | Reached skill level 11 in Stealth
 16179 | Lair:2   | Noticed an eight-headed hydra
 16197 | Lair:2   | Slain by an eight-headed hydra

Illustrated notes

Levels and vault maps discovered:
D:1:      dreamdust_arrival_sigmund_warning, layout_basic,
          basic_ecumenical_altar
D:2:      layout_basic, uniq_robin
D:3:      layout_loops_corners, kennysheep_okawaru_gauntlet,
          gammafunk_temple_overflow_statue, jmf_multi_god_temple2, serial_shops,
          nicolae_shop_advertising_works [nicolae_subvault_shop_adworks],
          minivault_23, uniq_jessica
D:4:      layout_cave_pods, vehumet_altar_wand_db, overflow_temple_1_default,
          pf_guarded_unrand_delatra
D:5:      layout_basic, mainiacjoe_overflow_surrounded_room
D:6:      minmay_inner_zag, layout_cave_pods, cheibrodos_sewer_entry_drain,
          minmay_misc_feat_hallway, glass_columns_b
D:7:      layout_rooms, nemelex_dance_club_becter, nicolae_ashenzari_skybound,
          lemuel_zombie_altar_kikubaaqudgha, doesnt_xom_only_xom,
          minmay_temple_entry_nine_rooms
D:8:      layout_basic, lightli_temple_of_fire, erik_lair_dragon,
          gammafunk_ghost_wrathful_warriors
D:9:      layout_basic, minmay_orc_keep, uniq_maggie
D:10:     layout_loops_cross, general_overflow_altar, uniq_grum
Lair:1:   layout_chaotic_city, grunt_megastairs_2, serial_bayou_shore_b
Lair:2:   layout_long_grid, skrybe_swamp_entry_bodies,
          nicolae_spider_entry_tight_spaces, gammafunk_ghost_grave,
          chequers_serial_rivers_large_a, lemuel_fruit_tree

Skill      XL: |  1  2  3  4  5  6  7  8  9 10 11 |
---------------+----------------------------------+-----
Stealth        | 2 3 4 6 9 10 11 | 11.0
Axes           | 1 2 3 4 5 |  5.1
Fighting       | 2 3 5 6 7 |  7.8
Short Blades   | 1 2 3 4 5 |  5.9
Ranged Weapons | 1 2 3 |  3.9
Dodging        | 2 3 4 5 |  5.4
Shields        | 4 6 7 |  7.2
Throwing       | 1 2 3 |  3.3
Maces & Flails | 5 |  5.5
Invocations    | 2 |  2.7
Spellcasting   | |  0.1
Translocations | |  0.2

Action                   |  1- 3 |  4- 6 |  7- 9 | 10-12 || total
-------------------------+-------+-------+-------+-------++-------
Melee: Mace              |    26 |       |       |       ||    26
       Constrict         |    19 |    22 |    38 |    33 ||   112
       Tentacles         |    10 |    20 |    44 |    72 ||   146
       Dagger            |    34 |    72 |    58 |       ||   164
       War axe           |    10 |    22 |       |   138 ||   170
       Punch             |       |     5 |     3 |     1 ||     9
       Hand axe          |       |       |    17 |       ||    17
       Short sword       |       |       |   123 |   110 ||   233
       Morningstar       |       |       |       |     4 ||     4
 Fire: Sling             |       |    21 |    16 |       ||    37
Throw: Dart              |       |     7 |    17 |    23 ||    47
       Boomerang         |       |       |     5 |       ||     5
 Cast: Blink             |       |       |       |     1 ||     1
Evoke: Wand              |       |       |       |     1 ||     1
  Use: Scroll            |     3 |    13 |    10 |     3 ||    29
       Potion            |     2 |     3 |     4 |     4 ||    13
 Stab: Sleeping          |     8 |     6 |    23 |     6 ||    43
       Distracted        |       |       |     2 |     4 ||     6
Armor: Skin              |     8 |     6 |     9 |     7 ||    30
Dodge: Dodged            |    34 |    36 |    69 |   174 ||   313
Block: Buckler           |    29 |    54 |   124 |   178 ||   385
       Reflection        |     1 |     3 |     9 |     4 ||    17
